Map: Babylon LE

Players

Dopeman - Winner!

  • Race: Zerg Zerg
  • League: Gold
  • Spawn Location: 11:00

VOD

Have the link to the VOD?

Description

Time

  • Played on: March 28, 2023, 2:15 p.m.
  • Length: 12:38
Show
View Real Time Build Order
Export as new Build Order

Dopeman Zerg - Winner!

Build Orders:  

Get SALT Encoding   

  12  0:01  Drone  
  13  0:17  Overlord  
  13  0:23  Drone  
  14  0:42  Drone x2  
  16  1:11  Hatchery  
  15  1:20  Drone x2  
  15  1:24  Drone  
  18  1:40  Extractor  
  18  1:49  Spawning Pool  
  16  1:58  Drone x2  
  18  2:08  Drone  
  19  2:21  Drone  
  20  2:35  Drone  
  21  2:57  Queen x2  
  21  2:59  Zergling x2  
  26  3:00  Zergling x2  
  26  3:08  Overlord  
  27  3:14  Overlord  
  27  3:24  Drone  
  28  3:44  Drone x3  
  31  4:08  Drone  
  31  4:09  Drone  
  33  4:10  Drone, Metabolic Boost  
  33  4:12  Drone  
  33  4:17  Hatchery  
  34  4:25  Queen  
  36  4:33  Drone x2  
  38  4:44  Overlord  
  38  4:47  Drone x3  
  41  4:51  Drone  
  41  4:52  Drone  
  43  5:01  Extractor  
  42  5:10  Baneling Nest  
  42  5:11  Drone x2  
  42  5:16  Drone  
  42  5:17  Drone x2  
  46  5:34  Zergling x2  
  46  5:35  Zergling x10  
  46  5:38  Overlord  
  52  5:57  Drone x2  
  54  6:08  Queen x2  
  54  6:09  Queen  
  60  6:12  Drone x4  
  60  6:13  Drone  
  60  6:17  Drone  
  66  6:30  Overlord x3  
  66  6:48  Overlord  
  66  6:55  Drone x6  
  72  7:07  Evolution Chamber  
  72  7:09  Evolution Chamber  
  70  7:26  Lair  
  70  7:32  Drone x2  
  70  7:37  Drone x2  
  70  7:39  Zergling x12  
  80  7:40  Zergling x2  
  81  7:56  Zerg Melee Weapons Level 1, Zerg Ground Armor Level 1  
  81  8:07  Zergling x12  
  81  8:08  Zergling x10  
  92  8:15  Zergling x6  
  95  8:21  Overlord x2  
  95  8:27  Centrifugal Hooks  
  95  8:33  Zergling x2  
  96  8:48  Hatchery  
  96  8:49  Hatchery  
  94  8:57  Zergling x2  
  94  8:58  Zergling x16  
  103  9:03  Overlord  
  103  9:05  Overlord  
  103  9:12  Hatchery  
  103  9:14  Baneling x5  
  103  9:15  Baneling x7  
  103  9:16  Baneling  
  103  9:17  Baneling x2  
  103  9:18  Baneling  
  103  9:19  Baneling  
  102  9:21  Baneling x2  
  102  9:22  Hatchery, Baneling  
  102  9:23  Baneling x2  
  102  9:24  Baneling  
  102  9:25  Baneling  
  101  9:31  Zergling x6  
  101  9:32  Zergling x2  
  105  9:45  Zergling x14  
  105  9:46  Zergling x2  
  105  9:47  Zergling x2  
  114  9:51  Overlord  
  114  9:54  Overlord  
  114  10:00  Zergling x6  
  114  10:01  Zergling x2  
  114  10:07  Zergling x2  
  114  10:08  Zergling x2  
  120  10:12  Zergling x2  
  121  10:24  Zergling x2  
  121  10:25  Zergling x14  
  129  10:33  Zergling x4  
  131  10:45  Zergling x8  
  131  10:46  Zergling x6  
  126  11:08  Zergling x16  
  122  11:16  Zergling x2  
  122  11:17  Zergling x26  
  123  11:22  Zergling x2  
  123  11:23  Zergling x4  
  124  11:32  Zergling x4  
  124  11:36  Zergling x8  
  128  11:51  Zergling x20  
  137  12:02  Zergling x16  
Tags
 
League
Gold
Matchup
Co-op
Add a new tag
Caveats
  • Supply blocks, unpowered buildings, or Contaminate may cause inaccurate times.
  • Supply counts are checked every 10 seconds.